 Dungeon Crawl Stone Soup version 0.30.0 (webtiles) character file.

Game seed: 525151914983585285

1752358 Wizard1ke the Ogreish Cataclysm (level 27, 293/293 HPs)
             Began as an Ogre Earth Elementalist on Nov 13, 2023.
             Was a High Priest of Qazlal.
             Escaped with the Orb
             ... and 4 runes on Nov 14, 2023!
             The game lasted 04:11:51 (123746 turns).

Wizard1ke the Ogreish Cataclysm (OgEE)            Turns: 123746, Time: 04:11:52

Health: 293/293    AC: 10    Str: 23    XL:     27
Magic:  15/46      EV: 11    Int: 28    God:    Qazlal [*****.]
Gold:   5918       SH: 26    Dex: 14    Spells: 24/56 levels left

rFire   + . .        L - staff of fire "Fiutz" {rElec rF+ Int-3 Dex+3 SInv}
rCold   + . .        m - +5 kite shield {reflect}
rNeg    . . .        u - +2 robe of Eternal Night {Will+ Int+3 Stlth+ Archmagi}
rPois   +            (helmet restricted)
rElec   +            M - +2 cloak {rPois}
rCorr   .            (gloves unavailable)
SInv    +            (boots unavailable)
Will    +++..        J - amulet of magic regeneration
Stlth   +            q - ring "Jaoh Sowk" {rC+ Str+3 Int+2 Dex+2}
HPRegen 0.68/turn    N - ring of the Octopus King {Wiz HP+2 AC+2 EV+2 SH+2}
MPRegen 0.70/turn

%: random rage (3%), repel missiles, reflection, wizardry (x1), archmagi
@: studying 4 skills
A: large, unfitting armour, tough skin 1, claws 1, berserk 1, high MP 1,
electricity resistance, evolution 1, MP-powered wands
0: Orb of Zot
}: 4/15 runes: decaying, slimy, silver, gossamer
a: Renounce Religion, Upheaval, Elemental Force, Disaster Area


You escaped.
You worshipped Qazlal.
Qazlal was extremely pleased with you.
You visited 12 branches of the dungeon, and saw 56 of its levels.
You visited 1 bazaar.
You visited 1 ziggurat, and saw 13 of its levels.
You also visited: Ice Cave and Desolation.

You collected 8953 gold pieces.
You spent 3035 gold pieces at shops.

Inventory:

Missiles
 i - 19 curare-tipped darts
 w - 9 silver javelins
 W - a throwing net
Armour
 m - a +5 kite shield of reflection (worn)
 u - the +2 robe of Eternal Night (worn) {Will+ Int+3 Stlth+ Archmagi}
   (You bought it in a shop on level 7 of the Dungeon)

   Int:       It affects your intelligence (+3).
   Archmagi:  It increases the power of your magical spells.
   Will:      It increases your willpower.
   Stlth:     It makes you more stealthy.
 D - a +2 robe of resistance
 M - a +2 cloak of poison resistance (worn)
Magical Staves
 L - the staff of fire "Fiutz" (weapon) {rElec rF+ Int-3 Dex+3 SInv}
   (You found it on level 12 of a ziggurat)

   [staff of fire]

   Base accuracy: +5 Base damage: 5 Base attack delay: 1.2 This weapon's minimum
   attack delay (0.6) is reached at skill level 12.
   Int:       It affects your intelligence (-3).
   Dex:       It affects your dexterity (+3).
   rF:        It protects you from fire.
   rElec:     It insulates you from electricity.
   SInv:      It lets you see invisible.
   It falls into the 'Staves' category.
   It is a one-handed weapon.
 O - a staff of conjuration
Jewellery
 h - the ring of Koshriut {rElec rPois MP+9 Str+4 Dex-2}
   (You took it off a spriggan defender on level 3 of the Depths)

   [ring of magical power]

   Str:       It affects your strength (+4).
   Dex:       It affects your dexterity (-2).
   rElec:     It insulates you from electricity.
   rPois:     It protects you from poison.
   MP:        It affects your magic capacity (+9).
 o - the ring "Haqyqapt" {rF+ Will+ Str-2 Int+5 Stlth+}
   (You found it on level 5 of the Pits of Slime)

   [ring of protection from fire]

   Str:       It affects your strength (-2).
   Int:       It affects your intelligence (+5).
   rF:        It protects you from fire.
   Will:      It increases your willpower.
   Stlth:     It makes you more stealthy.
 q - the ring "Jaoh Sowk" (left claw) {rC+ Str+3 Int+2 Dex+2}
   (You found it on level 10 of a ziggurat)

   [ring of protection from cold]

   Str:       It affects your strength (+3).
   Int:       It affects your intelligence (+2).
   Dex:       It affects your dexterity (+2).
   rC:        It protects you from cold.
 J - an amulet of magic regeneration (around neck)
 N - a ring of the Octopus King (right claw) {Wiz HP+2 AC+2 EV+2 SH+2}
   (You found it on level 10 of a ziggurat)

   [ring of wizardry]

   It improves your spell success rate.
   AC:        It affects your AC (+2).
   EV:        It affects your evasion (+2).
   HP:        It affects your health (+2).
   SH:        It affects your SH (+2).
 P - the ring of Cotsath {rPois rN+ rCorr}
   (You found it on level 8 of a ziggurat)

   [ring of poison resistance]

   rPois:     It protects you from poison.
   rN:        It protects you from negative energy.
   rCorr:     It protects you from acid and corrosion.
 V - the ring "Jiefil" {Fly Int+2 Stlth+}
   (You found it on level 3 of the Elven Halls)

   [ring of flight]

   Int:       It affects your intelligence (+2).
   Fly:       It grants you flight.
   Stlth:     It makes you more stealthy.
 X - the amulet "Wuetyxt" {Faith Str-3 Dex+5}
   (You found it on level 11 of the Dungeon)

   [amulet of faith]

   It allows you to gain divine favour quickly.
   Str:       It affects your strength (-3).
   Dex:       It affects your dexterity (+5).
Wands
 e - a wand of quicksilver (66)
 g - a wand of charming (64)
 n - a wand of mindburst (60)
 A - a wand of roots (57)
 K - a wand of digging (33)
Scrolls
 c - 4 scrolls of silence {!r}
 l - 18 scrolls of teleportation
 p - 9 scrolls of vulnerability
 r - 7 scrolls of amnesia
 t - 14 scrolls of fog
 x - 14 scrolls of poison
 y - 2 scrolls of enchant armour
 C - 5 scrolls of immolation
 H - 7 scrolls of blinking
 I - 11 scrolls of fear
 Q - 4 scrolls of magic mapping
 T - 8 scrolls of enchant weapon
 U - 5 scrolls of torment
 Y - 4 scrolls of butterflies
Potions
 a - 2 potions of brilliance
 b - a potion of magic
 d - 3 potions of invisibility
 f - 5 potions of haste
 j - 27 potions of curing
 s - 7 potions of flight
 z - 10 potions of might
 B - 11 potions of ambrosia
 E - 8 potions of lignification
 F - 2 potions of mutation
 G - 4 potions of cancellation
 R - 5 potions of heal wounds
 S - 5 potions of attraction
 Z - 8 potions of resistance
Miscellaneous
 k - a phial of floods
 v - a lightning rod (4/4)


   Skills:
 - Level 20.0 Fighting
 - Level 1.7 Dodging
 - Level 1.4 Stealth
 - Level 11.0 Shields
 - Level 15.0 Spellcasting
 - Level 26.0 Conjurations
 - Level 6.0 Transmutations
 - Level 26.0 Fire Magic
 - Level 8.0 Earth Magic
 + Level 26.3 Invocations
 - Level 5.0 Evocations


You had 24 spell levels left.
You knew the following spells:

 Your Spells              Type           Power      Damage    Failure   Level
a - Sandblast             Erth           100%       2d20      1%          1
b - Passwall              Tmut/Erth      61%        N/A       1%          2
c - Stone Arrow           Conj/Erth      100%       3d13      0%          3
d - Irradiate             Conj/Tmut      52%        3d29      1%          5
e - Orb of Destruction    Conj           64%        9d15      1%          7
f - Fire Storm            Conj/Fire      77%        8d19      4%          9
g - Lee's Rapid Deconstr  Erth           39%        3d19*     1%          5

Your spell library contained the following spells:

 Spells                   Type           Power      Damage    Failure   Level
 Foxfire                  Conj/Fire      100%       2x1d9     0%          1
 Kiss of Death            Conj/Necr      100%       2d13      0%          1
 Magic Dart               Conj           100%       1d8       0%          1
 Shock                    Conj/Air       100%       1d9       0%          1
 Flame Wave               Conj/Fire      100%       2d21      0%          4
 Sticky Flame             Conj/Fire      100%       2d11      0%          4
 Fireball                 Conj/Fire      77%        3d29      0%          5
 Iskenderun's Battlesphe  Conj           100%       2d15      0%          5
 Starburst                Conj/Fire      77%        6d20      0%          6
 Apportation              Tloc           62%        N/A       1%          1
 Beastly Appendage        Tmut           100%       N/A       1%          1
 Freeze                   Ice            100%       1d10      1%          1
 Slow                     Hex            100%       N/A       1%          1
 Sting                    Tmut/Pois      100%       1d8       1%          1
 Summon Small Mammal      Summ           100%       N/A       1%          1
 Momentum Strike          Conj/Tloc      100%       3d10      1%          2
 Static Discharge         Conj/Air       100%       2-7/arc   1%          2
 Wereblood                Tmut           69%        N/A       1%          2
 Dazzling Flash           Conj/Hex       100%       N/A       1%          3
 Hailstorm                Conj/Ice       96%        3d19      1%          3
 Ignite Poison            Fire/Tmut/Pois 100%       N/A       1%          3
 Inner Flame              Hex/Fire       100%       N/A       1%          3
 Mephitic Cloud           Conj/Pois/Air  81%        N/A       1%          3
 Spider Form              Tmut/Pois      54%        N/A       1%          3
 Volatile Blastmotes      Fire/Tloc      100%       2d18      1%          3
 Fulminant Prism          Conj/Hex       48%        3d20      1%          4
 Iskenderun's Mystic Bla  Conj/Tloc      96%        2d19      1%          4
 Petrify                  Tmut/Erth      74%        N/A       1%          4
 Arcjolt                  Conj/Air       48%        1d58      1%          5
 Freezing Cloud           Conj/Ice/Air   40%        6-21      1%          5
 Iron Shot                Conj/Erth      54%        9d10      1%          6
 Plasma Beam              Fire/Air       59%        2x1d82    1%          6
 Ignition                 Fire           77%        3d20      1%          8
 Blink                    Tloc           62%        N/A       2%          2
 Call Imp                 Summ           62%        N/A       2%          2
 Cigotuvi's Dreadful Rot  Necr/Pois/Air  62%        N/A       2%          2
 Ensorcelled Hibernation  Hex/Ice        62%        N/A       2%          2
 Lesser Beckoning         Tloc           62%        N/A       2%          2
 Poisonous Vapours        Pois/Air       62%        N/A       2%          2
 Sublimation of Blood     Necr           31%        N/A       2%          2
 Animate Armour           Summ/Erth      100%       N/A       3%          4
 Leda's Liquefaction      Hex/Erth       30%        N/A       3%          4
 Call Canine Familiar     Summ           31%        N/A       4%          3
 Confusing Touch          Hex            31%        N/A       4%          3
 Frozen Ramparts          Ice            62%        1d10      4%          3
 Gell's Gravitas          Tloc           31%        N/A       4%          3
 Ozocubu's Armour         Ice            31%        N/A       4%          3
 Summon Guardian Golem    Hex/Summ       31%        N/A       4%          3
 Swiftness                Air            31%        N/A       4%          3
 Teleport Other           Tloc           31%        N/A       4%          3
 Vampiric Draining        Necr           31%        2d8       4%          3
 Vhi's Electric Charge    Tloc/Air       62%        N/A       4%          3
 Ice Form                 Ice/Tmut       54%        N/A       4%          4
 Blade Hands              Tmut           34%        N/A       4%          5
 Spellforged Servitor     Conj/Summ      48%        N/A       6%          7
 Borgnjor's Vile Clutch   Necr/Erth      30%        N/A       9%          5
 Lehudib's Crystal Spear  Conj/Erth      54%        10d13     10%         8
 Alistair's Intoxication  Tmut/Pois      36%        N/A       13%         5
 Yara's Violent Unravell  Hex/Tmut       27%        3d12      13%         5
 Statue Form              Tmut/Erth      49%        N/A       14%         6
 Airstrike                Air            15%        2d(3-19)  16%         4
 Anguish                  Hex/Necr       15%        N/A       16%         4
 Cause Fear               Hex            15%        N/A       16%         4
 Dispel Undead            Necr           31%        3d14      16%         4
 Manifold Assault         Tloc           31%        N/A       16%         4
 Olgreb's Toxic Radiance  Pois           31%        N/A       16%         4
 Passage of Golubria      Tloc           31%        N/A       16%         4
 Summon Ice Beast         Ice/Summ       31%        N/A       16%         4
 Summon Lightning Spire   Summ/Air       31%        N/A       16%         4
 Agony                    Necr           31%        N/A       38%         5
 Metabolic Englaciation   Hex/Ice        15%        N/A       38%         5
 Summon Forest            Summ/Tloc      15%        N/A       38%         5
 Summon Mana Viper        Hex/Summ       31%        N/A       38%         5
 Eringya's Noxious Bog    Tmut/Pois      27%        N/A       54%         6
 Dragon Form              Tmut           34%        N/A       71%         7
 Death Channel            Necr           15%        N/A       91%         6
 Dispersal                Tloc           15%        N/A       91%         6
 Simulacrum               Ice/Necr       15%        N/A       91%         6
 Summon Cactus Giant      Summ           15%        N/A       91%         6
 Storm Form               Tmut/Air       27%        N/A       98%         7
 Chain Lightning          Conj/Air       48%        3d64      99%         9
 Enfeeble                 Hex            15%        N/A       100%        7
 Haunt                    Necr/Summ      15%        N/A       100%        7
 Monstrous Menagerie      Summ           15%        N/A       100%        7
 Borgnjor's Revivificati  Necr           15%        N/A       100%        8
 Discord                  Hex            15%        N/A       100%        8
 Disjunction              Tloc           15%        N/A       100%        8
 Maxwell's Capacitive Co  Air            15%        ∞         100%        8
 Necromutation            Tmut/Necr      27%        N/A       100%        8
 Death's Door             Necr           15%        N/A       100%        9
 Dragon's Call            Summ           15%        N/A       100%        9
 Shatter                  Erth           39%        3d31*     100%        9


Dungeon Overview and Level Annotations

Branches:
Dungeon (15/15)            Temple (0/1) D:4            Lair (5/5) D:11
  Swamp (4/4) Lair:3       Spider (4/4) Lair:2        Slime (5/5) Lair:4
    Orc (2/2) D:12            Elf (3/3) Orc:2        Vaults (5/5) D:14
  Crypt (3/3) Vaults:3       Tomb (0/3) Crypt:3      Depths (4/4) D:15
   Hell (visited)             Dis (0/7) Hell            Geh (0/7) Hell
    Coc (0/7) Hell            Tar (0/7) Hell            Zot (5/5) Depths:4
  IceCv (visited)         Desolation (visited)

Altars:
Ashenzari
Cheibriados
Elyvilon
Hepliaklqana
Kikubaaqudgha
Nemelex Xobeh
Okawaru
Qazlal
Sif Muna
Vehumet
Xom
Yredelemnul
The Shining One
Jiyva

Shops:
D:7 [!((   D:8 ?   D:10 [   D:12 *   Orc:1 *   Orc:2 *[:[   Elf:2 =
Vaults:3 ?   Vaults:4 *   Vaults:5 (

Portals:
Hell: Depths:1 Depths:2 Depths:3 Depths:4
Abyss: Vaults:2 Depths:3
Pandemonium: Depths:2

Annotations:
D:11 2 transporters, strontium90w's ghost, journeyman DsBe
Lair:1 3 runed translucent doors, exclusion: 3 doors, LeafLetters's ghost, journeyman DrCj
Swamp:3 1 runed translucent door, exclusion: door, Zoigrime's ghost, adept FoFi
Elf:2 3 runed translucent doors, exclusion: 3 doors
Vaults:2 2 transporters, Agrajag's ghost, adept MiFi
Vaults:5 !vaults warning
Depths:1 1 runed translucent door, exclusion: door, Soesill's ghost, adept DgCj
Depths:2 1 runed translucent door
Zot:1 2 transporters, Wizard1ke's ghost, veteran GnHu
Zot:5 4 transporters


Innate Abilities, Weirdness & Mutations

You are too large for most types of armour.
You have tough skin. (AC +1)
You have sharp fingernails.
You sometimes lose your temper in combat.
You have an increased reservoir of magic. (+10% MP)
You are resistant to electric shocks. (rElec)
You have hidden genetic potential.
You expend magic power (3 MP) to strengthen your wands.


Message History

You don't have enough magic to cast this spell.
Unknown command.
Your fire vortex sizzles in the rain.
Your fire vortex is engulfed in a thunderstorm.
Your fire vortex sizzles in the rain.
Aiming: Fire Storm (dangerous; 4% risk of failure)
Press: ? - help, Q - select action, (/) - cycle Dir - move target, f - shadow demon
Aim: a shadow demon You feel a strong surge of power!
A raging storm of fire appears!
The great blast of fire engulfs the shadow demon!!!
You kill the shadow demon!
Qazlal accepts your kill.
Your fire vortex sizzles in the rain.
Your fire vortex is engulfed in a thunderstorm.
Your fire vortex is engulfed in freezing vapours.
(D) Dungeon (T) Temple (L) Lair (S) Swamp (N) Spider Nest (M) Slime Pits (O) Orcish Mines (E) Elven Halls (V) Vaults (C) Crypt (W) Tomb (U) Depths (H) Hell (I) Dis (G) Gehenna (X) Cocytus (Y) Tartarus (Z) Zot
Where to? (Enter - D:1 @ (x,y), ? - help)
Your fire vortex is engulfed in freezing vapours.
There is a stone staircase leading up here.
You climb upwards.
There is a stone staircase leading down here.
There is an open door here.
There is a staircase leading out of the dungeon here.
Activating: Disaster Area (0% risk of failure)
Press: ? - help, Dir - look around, f - activate Nature churns violently around you!
You hear a sizzling sound! x2
You don't have enough magic at the moment.
Unknown command.
Magic courses through your body.
You hear a bellow!
Activating: Disaster Area (0% risk of failure)
Press: ? - help, Dir - look around, f - activate Nature churns violently around you!
You hear a sizzling sound!
You have escaped!

.........#
#..#'#.#
#.#
##.#..####
#..#@#.#
#.#
#.....#
#..#+#.#
#.#
#####.#
#......#
#.# #.#
#.######
#.#
#.######.#
#.# ##
#........#
#.# #.
##########
#.# #. #.#
#.
#.######
#.
#......#
#.
######.#
#. #.# #.
#.###.
#.....
######


There were no monsters in sight!

Vanquished Creatures
  the Royal Jelly (Slime:5)
  8 dread liches
  5 orbs of fire
  7 ancient liches
  A royal mummy (Depths:2)
  Josephina (Zot:4)
  5 Killer Klowns
  Frederick (Crypt:1)
  Margery (Depths:3)
  Saint Roka (Orc:2)
  3 pandemonium lords
  Geryon (Hell)
  4 curse toes
  13 golden dragons
  Nikola (Spider:1)
  A bone dragon (Zig:7)
  2 electric golems (Zot:5)
  Arachne (Spider:1)
  3 Brimstone Fiends
  An iron giant (Zig:4)
  Jorgrun (D:12)
  A walking earthen tome (Depths:3)
  A hellephant (Zot:5)
  Rupert (D:15)
  17 tentacled monstrosities
  2 Hell Sentinels (Zig:5)
  28 Orb Guardians
  2 Ice Fiends
  Asterion (Vaults:1)
  6 liches
  Mlioglotl (Spider:3)
  19 acid blobs
  A quicksilver dragon (shapeshifter) (Zig:12)
  7 quicksilver dragons
  3 deep elf blademasters
  8 titans
  6 death cobs
  5 sphinxes
  12 ancient champions
  Kirke (Spider:3)
  An Executioner (Zig:12)
  3 thorn hunters
  Roxanne (Swamp:2)
  15 storm dragons
  11 azure jellies
  7 draconian knights
  12 rockslimes
  12 shadow dragons
  A fire giant (shapeshifter) (Zig:12)
  7 frost giants
  8 tengu reavers
  5 revenants
  15 draconian monks
  A fenstrider witch (shapeshifter) (Zig:12)
  7 ghost moths
  5 fire giants
  2 iron dragons
  7 emperor scorpions
  13 vault wardens
  A spectral caustic shrike (Depths:2)
  9 deep elf sorcerers
  3 draconian scorchers
  A caustic shrike zombie (Crypt:3)
  Aizul (Vaults:1)
  19 ironbound preservers
  2 cacodemons
  16 draconian annihilators
  2 curse skulls (Crypt:3)
  8 deep elf elementalists (Elf:3)
  8 draconian shifters
  15 ghouls
  4 draconian stormcallers
  2 caustic shrike skeletons
  2 angels
  3 spriggan defenders (Depths:3)
  2 orc warlords
  4 war gargoyles
  9 quicksilver oozes
  5 broodmothers
  31 very ugly things
  9 reapers
  11 green draconians
  15 stone giants
  6 deep elf demonologists
  2 eleionomae
  7 ironbound thunderhulks
  An eleionoma (shapeshifter) (Zig:12)
  12 vampire knights
  A lorocyproca (Hell)
  A spectral titan (Depths:2)
  17 white draconians
  16 red draconians
  12 yellow draconians
  5 dire elephants
  12 black draconians
  A bunyip (shapeshifter) (Vaults:5)
  8 deep elf annihilators
  14 purple draconians
  5 eidola
  2 merfolk javelineers (Depths:1)
  6 spark wasps
  2 blizzard demons (Hell)
  7 ettins
  21 jiangshi
  3 iron golems
  6 deep elf death magi
  4 mummy priests
  9 fire dragons
  A spectral quicksilver dragon (Depths:2)
  2 shambling mangroves (Swamp:4)
  11 great orbs of eyes
  4 crystal guardians (Elf:3)
  A kraken zombie (Hell)
  The ghost of Dikli the Blocker, a journeyman MiBe of Trog (Lair:3)
  A spriggan zombie (Crypt:3)
  12 entropy weavers
  The ghost of Ceyvaan the Thaumaturge, a journeyman DEFE of Sif Muna (Lair:3)
  A ragged hierophant (Desolation)
  21 yaktaur captains
  10 deep elf high priests
  An ice dragon (shapeshifter) (Vaults:5)
  A peacekeeper (Vaults:2)
  7 ice dragons
  11 hydras
  3 rakshasas
  A spectral tengu (Depths:2)
  2 catoblepae
  27 vault guards
  2 jorogumos
  2 spectral sphinxes (Depths:2)
  2 ghost crabs
  Erolcha (Orc:2)
  10 centaur warriors
  6 spriggan air magi
  A hell beast (Hell)
  11 ironbound frosthearts
  10 boulder beetles
  21 dancing weapons
  5 death knights
  5 radroaches
  4 tengu warriors
  8 alligators
  An anaconda (shapeshifter) (Vaults:4)
  4 hell hogs (Hell)
  12 death yaks
  3 spriggan berserkers
  5 two-headed ogres
  5 deep troll earth magi
  6 deep troll shamans
  An Orb Guardian skeleton (Crypt:1)
  A spectral fire giant (Depths:2)
  7 vampire magi
  5 orc high priests
  2 spectral storm dragons (Depths:2)
  3 hell knights (Depths:3)
  10 sun demons
  A titan skeleton (Depths:3)
  Urug (Lair:5)
  A storm dragon zombie (Depths:3)
  8 deep elf knights
  3 shadow wraiths
  4 pharaoh ants
  4 soul eaters
  3 sixfirhies
  Amaemon (Lair:1)
  A spectral spark wasp (Depths:2)
  4 goliath frogs
  A cherub (Zot:1)
  A glowing orange brain (Slime:4)
  A skyshark (Lair:4)
  3 death drakes
  13 orb spiders
  8 iron trolls
  A large abomination (Depths:2)
  2 shadow demons
  48 skeletal warriors
  4 spriggan druids
  15 swamp dragons
  9 deep elf archers
  39 deep trolls
  3 spectral iron dragons (Depths:2)
  4 flayed ghosts
  12 phantasmal warriors
  11 steelbarb worms
  10 spriggan simulacra (IceCv)
  4 anaconda skeletons
  2 obsidian statues
  23 ironbound convokers
  13 bog bodies
  10 wizards
  2 golden dragon skeletons
  A lindwurm (shapeshifter) (Depths:3)
  16 necromancers
  10 orc knights
  10 lindwurms
  2 bunyip skeletons (Crypt:3)
  23 deep elf zephyrmancers
  31 ugly things
  2 manticores (shapeshifter)
  9 shining eyes
  27 deep elf pyromancers
  3 cyclopes
  28 wolf spiders
  3 harpies (Vaults:2)
  27 moths of wrath
  A spectral spriggan (Depths:2)
  An eleionoma zombie (Crypt:2)
  4 orc sorcerers
  A stone giant zombie (Crypt:3)
  5 will-o-the-wisps
  A salamander (shapeshifter) (Depths:1)
  A sphinx skeleton (Depths:3)
  6 manticores
  A stone giant skeleton (Crypt:2)
  A naga mage (D:15)
  A frost giant skeleton (Depths:3)
  20 elephants
  5 black mambas
  3 rust devils
  A cane toad (shapeshifter) (D:15)
  8 demonic crawlers
  19 vault sentinels
  A naga zombie (Crypt:3)
  5 orange demons
  5 eyes of devastation
  4 molten gargoyles (Hell)
  A torpor snail (shapeshifter) (Vaults:5)
  12 torpor snails
  2 ice statues (Hell)
  2 centaur skeletons (D:15)
  7 smoke demons
  A steelbarb worm zombie (Crypt:2)
  A rime drake (shapeshifter) (D:14)
  An unseen horror (D:11)
  3 rime drakes
  2 kobold demonologists
  8 cane toads
  11 freezing wraiths
  A tormentor (Depths:3)
  3 hellions (Hell)
  A sea snake zombie (Hell)
  5 komodo dragons
  34 yaktaurs
  3 tengu conjurers
  A mana viper zombie (Crypt:1)
  9 ice devils
  2 efreet (D:14)
  3 anaconda simulacra
  3 golden dragon simulacra
  11 guardian mummies
  A merfolk (shapeshifter) (Zig:12)
  A hellwing (Zig:5)
  2 harpy zombies (Crypt:3)
  3 spectral glowing shapeshifters (Depths:2)
  A troll (shapeshifter) (Vaults:5)
  15 meliai
  A red devil (Hell)
  A bloated husk (Swamp:2)
  A meliai (shapeshifter) (Elf:3)
  9 trolls
  3 polar bears
  8 tyrant leeches
  5 hornets
  A raiju (shapeshifter) (Vaults:5)
  An alligator zombie (Hell)
  A hydra skeleton (Hell)
  An ice dragon zombie (Crypt:3)
  3 saltlings (Desolation)
  3 harpy skeletons (Crypt:3)
  5 blink frogs (Lair:5)
  20 tarantellas
  Grinder (D:6)
  A centaur simulacrum (D:15)
  19 culicivoras
  A stone giant simulacrum (Vaults:4)
  21 jumping spiders
  A spriggan (shapeshifter) (Elf:2)
  15 flying skulls
  88 slime creatures
  3 black mamba zombies
  5 spriggans
  9 water elementals
  7 dire elephant simulacra (IceCv)
  A shadow (D:12)
  9 wraiths
  6 wyverns
  An ettin skeleton (Crypt:1)
  An air elemental (Zig:10)
  A human (Spider:3)
  43 yaks
  2 fire elementals
  A ynoxinul (D:10)
  4 basilisks
  6 golden eyes
  4 ushabtiu (Crypt:3)
  An elf zombie (Vaults:4)
  A purple draconian simulacrum (Zot:4)
  Grum (D:8)
  An elf skeleton (Vaults:4)
  2 hogs (Spider:3)
  10 minotaur simulacra (IceCv)
  51 redbacks
  8 vampire mosquitoes
  2 chaos spawn
  2 neqoxecs (D:10)
  7 wargs
  Menkaure (D:6)
  2 harpy simulacra (IceCv)
  9 swamp worms
  A deep troll zombie (Crypt:2)
  An acid dragon (D:12)
  A floating eye (shapeshifter) (Depths:4)
  4 hell hounds (Hell)
  10 water moccasins
  2 moth of wrath simulacra (Zot:4)
  A floating eye (Depths:3)
  55 orc warriors
  An ice beast (D:5)
  8 swamp drakes
  2 black bears
  A meliai simulacrum (D:15)
  A hornet zombie (D:7)
  11 ogres
  A hog zombie (Crypt:3)
  3 ettin simulacra (IceCv)
  4 boggarts
  A dream sheep skeleton (Crypt:1)
  41 wolves
  19 centaurs
  A salamander zombie (Crypt:3)
  2 kobold brigands
  2 lindwurm skeletons
  A torpor snail zombie (Crypt:2)
  A draconian zombie (Crypt:1)
  A phantom (D:5)
  11 bullfrogs
  2 earth elementals
  4 deep troll simulacra (IceCv)
  10 necrophages
  A wyvern zombie (D:7)
  A gnoll sergeant (D:12)
  2 scorpions
  A small abomination (D:2)
  A salamander skeleton (Crypt:1)
  4 wights
  A polar bear zombie (Crypt:1)
  2 lindwurm simulacra (IceCv)
  17 killer bees
  4 electric eels
  2 lava snakes (D:11)
  4 centaur zombies
  2 quasits (D:10)
  5 hounds
  2 human zombies
  2 jellies
  Crazy Yiuf (D:2)
  A gnoll bouda (Zig:13)
  18 orc priests
  2 sleepcaps
  19 orc wizards
  4 iguanas
  13 hell rats (Hell)
  2 killer bee zombies (D:7)
  A hound zombie (Crypt:2)
  13 mummies
  A howler monkey zombie (D:7)
  8 adders
  12 gnolls
  A white imp (D:5)
  An ufetubus (D:5)
  A worm (D:4)
  2 dart slugs
  69 orcs
  4 endoplasms
  3 giant cockroaches
  6 goblins
  3 hobgoblins
  4 jackals
  4 quokkas
  6 ball pythons
  2 bats
  2 frilled lizards (D:1)
  A giant cockroach zombie (Crypt:1)
  12 kobolds
  3 rats
  A spectral goblin (D:9)
  A briar patch (Swamp:4)
  13 fire vortices
  A plant (D:10)
2557 creatures vanquished.

Vanquished Creatures (collateral kills)
  2 tentacled monstrosities (Zot:1)
  A death cob (Zot:2)
  Louise (D:14)
  A very ugly thing (Vaults:5)
  2 black draconians
  A red draconian (Zot:4)
  A white draconian (Zot:2)
  An iron troll (shapeshifter) (Zig:12)
  An orb spider (Spider:1)
  A deep troll (Vaults:4)
  An eye of devastation (Slime:3)
  An apocalypse crab (Zig:12)
  A slime creature (Slime:4)
  A water elemental (Hell)
  A swamp worm (shapeshifter) (Zig:12)
  A moth of wrath simulacrum (Zot:4)
18 creatures vanquished.

Vanquished Creatures (others)
  A purple draconian (Depths:4)
  A komodo dragon (shapeshifter) (Vaults:2)
  2 tarantellas
  3 humans (Spider:3)
  5 briar patches (Swamp:4)
  6 demonic plants (D:10)
  297 fire vortices
  4 foxfires
  71 fungi
  110 plants
  5 toadstools (Swamp:3)
505 creatures vanquished.

Grand Total: 3080 creatures vanquished

Notes
Turn   | Place    | Note
-------+----------+-------------------------------------------
     0 | D:1      | Wizard1ke the Ogre Earth Elementalist began the quest for
                  | the Orb.
     0 | D:1      | Reached XP level 1. HP: 16/16 MP: 3/3
   307 | D:1      | Reached XP level 2. HP: 19/24 MP: 2/5
   727 | D:1      | Learned a level 2 spell: Passwall
   865 | D:1      | Reached skill level 1 in Conjurations
  1312 | D:2      | Reached XP level 3. HP: 31/31 MP: 0/7
  1379 | D:2      | Learned a level 3 spell: Stone Arrow
  1464 | D:2      | Found a runed translucent door.
  1465 | D:2      | Noticed Crazy Yiuf
  2493 | D:3      | Found an iron altar of Okawaru.
  2493 | D:3      | Found a glowing golden altar of the Shining One.
  2493 | D:3      | Found a stormy altar of Qazlal.
  2503 | D:3      | Became a worshipper of Qazlal Stormbringer
  2919 | D:3      | Reached XP level 4. HP: 18/39 MP: 1/9
  3317 | D:4      | Reached XP level 5. HP: 45/45 MP: 5/10
  3836 | D:4      | Found a staircase to the Ecumenical Temple.
  3852 | D:4      | Reached XP level 6. HP: 51/53 MP: 4/12
  4331 | D:4      | Reached * piety under Qazlal
  4610 | D:5      | Entered Level 5 of the Dungeon
  4903 | D:5      | Reached skill level 5 in Spellcasting
  5008 | D:5      | Reached XP level 7. HP: 59/59 MP: 4/14
  5138 | D:5      | Found a broken altar of Ashenzari.
  5543 | D:5      | You fall into a shaft and drop 1 floor!
  5667 | D:6      | Noticed Grinder
  5685 | D:6      | Killed Grinder
  5686 | D:6      | Reached skill level 5 in Earth Magic
  5861 | D:6      | Reached XP level 8. HP: 67/67 MP: 6/17
  6397 | D:6      | Found a sparkling altar of Nemelex Xobeh.
  6471 | D:6      | Noticed Menkaure
  6752 | D:6      | Killed Menkaure
  6860 | D:6      | Reached skill level 5 in Conjurations
  7018 | D:7      | Found Liej's Distillery.
  7105 | D:7      | Bought a potion of cancellation for 112 gold pieces
  7105 | D:7      | Bought 2 potions of heal wounds for 140 gold pieces
  7228 | D:7      | Found Vegaeqaa's Weapon Shop.
  7314 | D:7      | Found Zuhynn's Weapon Emporium.
  7597 | D:7      | Reached XP level 9. HP: 65/74 MP: 6/20
  7714 | D:7      | Found a basalt altar of Yredelemnul.
  7913 | D:7      | Reached ** piety under Qazlal
  8222 | D:7      | Learned a level 5 spell: Irradiate
  8328 | D:7      | Found Banat's Antique Armour Boutique.
  8757 | D:8      | Noticed Grum
  8804 | D:8      | Killed Grum
  9483 | D:8      | Reached *** piety under Qazlal
  9543 | D:8      | Reached XP level 10. HP: 76/81 MP: 15/22
  9576 | D:8      | Reached skill level 1 in Transmutations
  9924 | D:8      | Found Devamycw's Magic Scroll Shoppe.
  9929 | D:8      | Bought a scroll of blinking for 97 gold pieces
  9929 | D:8      | Bought a scroll of fear for 52 gold pieces
 10201 | D:9      | Noticed a kobold demonologist
 10203 | D:9      | Killed a kobold demonologist
 10291 | D:9      | Reached skill level 1 in Shields
 10579 | D:9      | Found a hazy altar of Hepliaklqana.
 10788 | D:9      | Noticed a two-headed ogre
 10798 | D:9      | Killed a two-headed ogre
 11000 | D:9      | Found a shimmering blue altar of Sif Muna.
 11174 | D:2      | Killed Crazy Yiuf
 11405 | D:10     | Entered Level 10 of the Dungeon
 11407 | D:10     | Found Teczoano's Antique Armour Shoppe.
 11409 | D:10     | Gained mutation: You are agile. (Dex +4, Str/Int -1) [a
                  | neqoxec]
 11412 | D:10     | Noticed a rust devil
 11533 | D:10     | Noticed a sixfirhy
 11642 | D:10     | Noticed a smoke demon
 11745 | D:10     | Killed a smoke demon
 11799 | D:10     | Killed a rust devil
 11803 | D:10     | Reached XP level 11. HP: 88/88 MP: 3/23
 11987 | D:10     | Reached skill level 5 in Transmutations
 12007 | D:10     | Killed a sixfirhy
 12257 | D:10     | Noticed a soul eater
 12392 | D:9      | Killed a soul eater
 12393 | D:9      | Reached skill level 5 in Shields
 12393 | D:9      | Reached skill level 10 in Conjurations
 12687 | D:10     | Reached **** piety under Qazlal
 13618 | D:11     | Found a transporter.
 13673 | D:11     | Noticed a red ugly thing
 13674 | D:11     | Noticed a two-headed ogre
 13674 | D:11     | Noticed strontium90w's ghost (journeyman DsBe)
 13832 | D:11     | Found a transporter.
 13840 | D:11     | Noticed a catoblepas
 13847 | D:11     | Killed a catoblepas
 14150 | D:11     | Found a staircase to the Lair.
 14264 | D:11     | Noticed a sphinx
 14269 | D:11     | Noticed a brown ugly thing
 14697 | D:11     | Noticed a manticore
 14702 | D:11     | Killed a manticore
 14923 | D:11     | Killed a brown ugly thing
 14924 | D:11     | Reached XP level 12. HP: 96/96 MP: 20/24
 14997 | Lair:1   | Entered Level 1 of the Lair of Beasts
 15013 | Lair:1   | Found a runed translucent gate.
 15014 | Lair:1   | Found a runed translucent gate.
 15015 | Lair:1   | Found a runed translucent gate.
 15052 | Lair:1   | Noticed LeafLetters's ghost (journeyman DrCj)
 15244 | Lair:1   | Learned a level 7 spell: Orb of Destruction
 15289 | Lair:1   | Noticed Amaemon
 15302 | Lair:1   | Killed Amaemon
 17884 | Lair:2   | Reached ***** piety under Qazlal
 18016 | Lair:2   | Found a hole to the Spider Nest.
 18733 | Lair:3   | Reached skill level 15 in Conjurations
 18944 | Lair:3   | Reached XP level 13. HP: 102/102 MP: 18/25
 19796 | Lair:3   | Found a staircase to the Swamp.
 20081 | Lair:3   | Found a runed translucent gate.
 20081 | Lair:3   | Found a runed translucent gate.
 20081 | Lair:3   | Found a runed translucent gate.
 20082 | Lair:3   | Noticed Dikli's ghost (journeyman MiBe)
 20082 | Lair:3   | Noticed Ceyvaan's ghost (journeyman DEFE)
 20964 | Lair:4   | You fall into a shaft and drop 1 floor!
 20964 | Lair:5   | Entered Level 5 of the Lair of Beasts
 21016 | Lair:5   | Reached skill level 10 in Spellcasting
 22495 | Lair:4   | Reached ****** piety under Qazlal
 22879 | Lair:4   | Found a viscous altar of Jiyva.
 22880 | Lair:4   | Found a staircase to the Slime Pits.
 23093 | Lair:4   | Reached XP level 14. HP: 110/110 MP: 2/29
 25071 | Lair:5   | Noticed Urug
 25075 | Lair:5   | Killed Urug
 26764 | Lair:5   | Noticed a dire elephant
 26948 | Lair:5   | Killed a dire elephant
 27363 | D:11     | Killed a sphinx
 27435 | D:11     | Identified the amulet "Wuetyxt" {Faith Str-3 Dex+5}
 28639 | D:12     | Found Jiysas's Fire Supplies.
 28878 | D:12     | Noticed Jorgrun
 29139 | D:12     | Killed Jorgrun
 29442 | D:12     | Found a staircase to the Orcish Mines.
 29610 | Orc:1    | Entered Level 1 of the Orcish Mines
 29780 | Orc:1    | Found Huit Yfo's Mayhem Merchandise.
 30274 | Orc:2    | Entered Level 2 of the Orcish Mines
 30275 | Orc:2    | Found a staircase to the Elven Halls.
 30281 | Orc:2    | Noticed Saint Roka
 30532 | D:13     | Reached skill level 1 in Fighting
 30532 | D:13     | Reached skill level 1 in Invocations
 30672 | D:13     | Reached XP level 15. HP: 120/120 MP: 23/31
 32276 | D:13     | Reached skill level 5 in Fighting
 33087 | D:14     | Reached skill level 5 in Invocations
 33099 | D:14     | Noticed Louise
 33340 | D:14     | Found a gate to the Vaults.
 34169 | D:14     | Killed Louise
 34476 | D:15     | Entered Level 15 of the Dungeon
 34606 | D:15     | Noticed Rupert
 35849 | Orc:2    | Killed Saint Roka
 36178 | Orc:2    | Noticed Erolcha
 36184 | Orc:2    | Killed Erolcha
 36712 | Orc:2    | Found Ranguc's Antique Armour Shop.
 36712 | Orc:2    | Found Qiutz's Book Shoppe.
 36714 | Orc:2    | Found Itefiucsa's Antique Armour Emporium.
 36830 | Orc:2    | Found Cififer's Assorted Antiques.
 36842 | Orc:2    | Bought a scroll of teleportation for 93 gold pieces
 36842 | Orc:2    | Bought a bubbling inky potion for 27 gold pieces
 37923 | Swamp:1  | Entered Level 1 of the Swamp
 37934 | Lair:3   | Reached skill level 10 in Fighting
 38707 | Swamp:1  | Reached XP level 16. HP: 158/158 MP: 24/32
 39534 | Swamp:2  | Reached skill level 10 in Invocations
 40170 | Swamp:2  | Identified Roxanne's Writings on Vicissitude
 40170 | Swamp:2  | Noticed Roxanne
 40478 | Swamp:2  | Killed Roxanne
 41249 | Swamp:3  | Noticed a thorn hunter
 41524 | Swamp:3  | Killed a thorn hunter
 41634 | Swamp:3  | Found a runed translucent door.
 41635 | Swamp:3  | Found a shimmering altar of Xom.
 41635 | Swamp:3  | Noticed Zoigrime's ghost (adept FoFi)
 42324 | Swamp:4  | Entered Level 4 of the Swamp
 43077 | Swamp:4  | Noticed a thorn hunter
 43089 | Swamp:4  | Killed a thorn hunter
 44977 | Swamp:4  | Reached skill level 15 in Invocations
 45046 | Swamp:4  | Reached skill level 1 in Evocations
 45165 | Swamp:4  | Noticed a thorn hunter
 45181 | Swamp:4  | Killed a thorn hunter
 45182 | Swamp:4  | Reached XP level 17. HP: 136/167 MP: 8/33
 45883 | Swamp:4  | Got a decaying rune of Zot
 46232 | D:7      | Bought a transparent robe for 142 gold pieces
 46232 | D:7      | Identified the +2 robe of Eternal Night {Will+ Int+3 Stlth+
                  | Archmagi} (You bought it in a shop on level 7 of the
                  | Dungeon)
 46446 | Spider:1 | Entered Level 1 of the Spider Nest
 46650 | Spider:1 | Noticed Nikola
 46659 | Spider:1 | Killed Nikola
 49962 | Spider:2 | Noticed Arachne
 50385 | Spider:1 | Reached skill level 5 in Evocations
 51680 | Spider:1 | Killed Arachne
 52610 | Spider:3 | Reached skill level 15 in Fighting
 52752 | Spider:3 | Noticed Mlioglotl
 52759 | Spider:3 | Killed Mlioglotl
 54017 | Spider:3 | Noticed Kirke
 54024 | Spider:3 | Killed Kirke
 54385 | Spider:3 | Reached XP level 18. HP: 181/193 MP: 21/34
 55184 | Spider:4 | Entered Level 4 of the Spider Nest
 58550 | Spider:3 | Gained mutation: You have large cloven feet. [mutagenic
                  | glow]
 59970 | Spider:4 | Got the Annotations on Destruction
 60241 | Spider:4 | Got a gossamer rune of Zot
 60556 | Vaults:1 | Entered Level 1 of the Vaults
 60654 | Vaults:1 | Noticed Aizul
 60660 | Vaults:1 | Killed Aizul
 62481 | Vaults:1 | Reached XP level 19. HP: 206/206 MP: 15/36
 62486 | Vaults:1 | Noticed Asterion
 63044 | Vaults:1 | Killed Asterion
 63610 | Vaults:2 | Found a flickering gateway to a bazaar.
 63619 | Bazaar   | Entered a bazaar
 63687 | Bazaar   | Found Wunyi's Weapon Shoppe.
 63702 | Bazaar   | Found Wihaur's Antique Armour Emporium.
 63702 | Bazaar   | Found Cuic's Distillery.
 63723 | Bazaar   | Found Meel's Magic Scroll Shoppe.
 63728 | Bazaar   | Bought a scroll of fear for 48 gold pieces
 63728 | Bazaar   | Bought a scroll of blinking for 90 gold pieces
 63728 | Bazaar   | Bought a scroll of teleportation for 36 gold pieces
 63728 | Bazaar   | Bought a scroll of teleportation for 36 gold pieces
 63728 | Bazaar   | Bought a scroll of fog for 48 gold pieces
 63739 | Bazaar   | Found Iclo's Antique Weapon Emporium.
 63739 | Bazaar   | Found Citz's Antique Weapon Shoppe.
 63812 | Bazaar   | Bought a potion of heal wounds for 45 gold pieces
 63812 | Bazaar   | Bought a potion of heal wounds for 45 gold pieces
 63812 | Bazaar   | Bought a potion of lignification for 27 gold pieces
 63812 | Bazaar   | Bought a potion of heal wounds for 45 gold pieces
 63812 | Bazaar   | Bought a potion of ambrosia for 72 gold pieces
 63812 | Bazaar   | Bought a potion of resistance for 90 gold pieces
 64035 | Vaults:2 | Found a transporter.
 64047 | Vaults:2 | Found a transporter.
 64047 | Vaults:2 | Noticed a Hell Sentinel
 64056 | Vaults:2 | Noticed Agrajag's ghost (adept MiFi)
 64090 | Vaults:2 | Found a one-way gate to the infinite horrors of the Abyss.
 64097 | Vaults:2 | Noticed a profane servitor
 64501 | Vaults:2 | Gained mutation: You occasionally lose the ability to read
                  | scrolls when taking damage. [mutagenic glow]
 64700 | Vaults:1 | Lost mutation: You are agile. (Dex +4, Str/Int -1) [potion
                  | of mutation]
 64700 | Vaults:1 | Lost mutation: You occasionally lose the ability to read
                  | scrolls when taking damage. [potion of mutation]
 64700 | Vaults:1 | Lost mutation: You have large cloven feet. [potion of
                  | mutation]
 64700 | Vaults:1 | Gained mutation: You occasionally lose the ability to read
                  | scrolls when taking damage. [potion of mutation]
 64700 | Vaults:1 | Gained mutation: You have a beak for a mouth. [potion of
                  | mutation]
 64701 | Vaults:1 | Lost mutation: You occasionally lose the ability to read
                  | scrolls when taking damage. [potion of mutation]
 64701 | Vaults:1 | Lost mutation: You have a beak for a mouth. [potion of
                  | mutation]
 64701 | Vaults:1 | Gained mutation: Your flesh is heat resistant. (rF+)
                  | [potion of mutation]
 68070 | Vaults:3 | Found a crumbling gateway.
 68082 | Desolati | Entered the Desolation of Salt
 68500 | Vaults:2 | Reached skill level 10 in Shields
 68741 | Vaults:3 | Reached skill level 15 in Spellcasting
 69386 | Vaults:3 | Found a staircase to the Crypt.
 69448 | Vaults:3 | Found Sommapt's Magic Scroll Boutique.
 69949 | Vaults:3 | Reached XP level 20. HP: 223/223 MP: 26/39
 70942 | Vaults:3 | Bought a scroll of poison for 52 gold pieces
 70942 | Vaults:3 | Bought a scroll of poison for 52 gold pieces
 70942 | Vaults:3 | Bought a scroll of poison for 52 gold pieces
 70942 | Vaults:3 | Bought a scroll of fear for 52 gold pieces
 70942 | Vaults:3 | Bought a scroll of butterflies for 52 gold pieces
 71566 | Vaults:3 | You fall into a shaft and drop 1 floor!
 72049 | Vaults:4 | Noticed a golden dragon
 73627 | Vaults:3 | Killed a golden dragon
 76048 | Vaults:4 | Found Zoil's Assorted Antiques.
 76315 | Vaults:4 | Bought a potion of brilliance for 124 gold pieces
 76557 | Vaults:4 | Reached XP level 21. HP: 221/237 MP: 32/40
 77002 | Elf:1    | Entered Level 1 of the Elven Halls
 77253 | Elf:1    | Found a frozen archway.
 77348 | IceCv    | Entered an ice cave
 79014 | IceCv    | Identified the ring of Ivvediz {Ice rPois Int+6}
 81317 | Elf:2    | Found Jiuvvoomm's Jewellery Boutique.
 81325 | Elf:2    | Bought an amulet of magic regeneration for 390 gold pieces
 81569 | Elf:2    | Found a radiant altar of Vehumet.
 81784 | Elf:2    | Found a runed translucent gate.
 81785 | Elf:2    | Found a runed translucent gate.
 81785 | Elf:2    | Found a runed translucent gate.
 81829 | Elf:3    | Entered Level 3 of the Elven Halls
 82900 | Elf:3    | Identified the amulet of the Genius {Faith Harm Str+4
                  | Int-4}
 83217 | Elf:3    | Identified the +5 falchion of the Indestructible God
                  | {speed, rF- rC+ rN++ Str+2}
 83334 | Elf:3    | Reached XP level 22. HP: 239/247 MP: 24/41
 83656 | Elf:3    | Identified the -1 cloak of Atheism {MP+9 Slay+3 Stlth+}
 83681 | Elf:3    | Found the +7 captain's cutlass {speed, disarm}
 83691 | Elf:3    | Identified the staff of cold "Fuwy" {*Slow Fly rElec rC+
                  | rCorr}
 83694 | Elf:3    | Identified the ring "Jiefil" {Fly Int+2 Stlth+}
 83728 | Elf:3    | Identified the ring "Ceoroth" {Dex+6 Stlth+}
 83747 | Elf:3    | Identified the staff of conjuration "Jej Dap" {rN+ Str+3
                  | Dex-2 Stlth+}
 84033 | D:15     | Killed Rupert
 85014 | D:15     | Found a staircase to the Depths.
 85023 | Depths:1 | Entered Level 1 of the Depths
 85023 | Depths:1 | Found a gateway to Hell.
 86562 | Depths:1 | Found a runed translucent door.
 86563 | Depths:1 | Noticed Soesill's ghost (adept DgCj)
 86731 | Depths:1 | Identified the amulet "Itustyeth" {Spirit Will+ Dex+4
                  | Stlth+}
 86934 | Depths:2 | Reached skill level 1 in Fire Magic
 87024 | Depths:2 | Found a runed translucent door.
 87025 | Depths:2 | Found a white marble altar of Elyvilon.
 87086 | Depths:2 | Found a one-way gate leading to the halls of Pandemonium.
 87458 | Depths:2 | Found a glowing golden altar of the Shining One.
 87908 | Depths:2 | Reached skill level 5 in Fire Magic
 88900 | Depths:2 | Noticed a royal mummy
 88909 | Depths:2 | Killed a royal mummy
 89148 | Depths:2 | Got the Papyrus of the Fifth Circle
 90046 | Depths:3 | Reached XP level 23. HP: 214/254 MP: 2/42
 90277 | Depths:3 | Found a one-way gateway to a ziggurat.
 90619 | Depths:3 | Noticed Margery
 90633 | Depths:3 | Killed Margery
 91014 | Depths:3 | Noticed a golden dragon
 91016 | Depths:3 | Noticed a golden dragon
 91029 | Depths:3 | Killed a golden dragon
 91031 | Depths:3 | Killed a golden dragon
 91117 | Depths:3 | Reached skill level 10 in Fire Magic
 91230 | Depths:3 | Identified the ring of Koshriut {rElec rPois MP+9 Str+4
                  | Dex-2}
 91764 | Depths:4 | Entered Level 4 of the Depths
 91916 | Depths:4 | Found a snail-covered altar of Cheibriados.
 93124 | Depths:4 | Noticed a golden dragon
 93130 | Depths:4 | Killed a golden dragon
 93299 | Depths:4 | Noticed a golden dragon
 93305 | Depths:4 | Killed a golden dragon
 93662 | Depths:4 | Identified the +5 short sword of the Sea {spect, Contam rF+
                  | Int+4 Dex+5}
 93667 | Depths:4 | Noticed a golden dragon
 93679 | Depths:4 | Killed a golden dragon
 93715 | Depths:4 | Noticed a golden dragon
 93723 | Depths:4 | Killed a golden dragon
 94124 | Depths:4 | Found a gate to the Realm of Zot.
 94140 | Depths:4 | Reached XP level 24. HP: 236/265 MP: 21/42
 94935 | D:12     | Bought Sif Muna's Essays on the Pyre for 660 gold pieces
 94945 | D:12     | Learned a level 9 spell: Fire Storm
 95299 | Crypt:1  | Entered Level 1 of the Crypt
 95348 | Crypt:1  | Learned a level 5 spell: Lee's Rapid Deconstruction
 95426 | Crypt:1  | Noticed Frederick
 95429 | Crypt:1  | Killed Frederick
 95583 | Crypt:1  | Reached skill level 15 in Fire Magic
 98677 | Crypt:3  | Entered Level 3 of the Crypt
 99617 | Crypt:3  | Found a staircase to the Tomb.
101003 | Crypt:3  | Noticed a curse toe
101010 | Crypt:3  | Killed a curse toe
101163 | Crypt:3  | Reached XP level 25. HP: 273/273 MP: 36/42
101986 | Crypt:3  | Found an ancient bone altar of Kikubaaqudgha.
101993 | Crypt:3  | Found a basalt altar of Yredelemnul.
102027 | Crypt:3  | Identified the ring of Toepaes {rN+ Will++ MP+9 Dex-5
                  | Stlth+}
102276 | Vaults:5 | Entered Level 5 of the Vaults
102651 | Slime:1  | Entered Level 1 of the Pits of Slime
102660 | Lair:4   | Lost mutation: Your flesh is heat resistant. (rF+)
                  | [mutagenic glow]
102660 | Lair:4   | Gained mutation: You are vulnerable to heat. (rF-)
                  | [mutagenic glow]
102661 | Lair:4   | Lost mutation: You are vulnerable to heat. (rF-) [potion of
                  | mutation]
102661 | Lair:4   | Gained mutation: Your body sometimes deteriorates upon
                  | taking damage. [potion of mutation]
102680 | Lair:4   | Gained mutation: Your body often deteriorates upon taking
                  | damage. [mutagenic glow]
102728 | Slime:1  | Gained mutation: You sometimes lose your temper in combat.
                  | [a shining eye]
102729 | Slime:1  | Gained mutation: You are clumsy. (Dex -2) [a shining eye]
102890 | Lair:3   | Killed Ceyvaan's ghost
102891 | Lair:3   | Killed Dikli's ghost
103846 | Slime:2  | Gained mutation: You are weak. (Str -2) [a shining eye]
104068 | Slime:1  | Lost mutation: Your body often deteriorates upon taking
                  | damage. [potion of mutation]
104068 | Slime:1  | Lost mutation: Your body sometimes deteriorates upon taking
                  | damage. [potion of mutation]
104068 | Slime:1  | Gained mutation: Your spells are a little harder to cast,
                  | but a little more powerful. [potion of mutation]
104068 | Slime:1  | Gained mutation: You have hidden genetic potential. [potion
                  | of mutation]
105807 | Slime:5  | Entered Level 5 of the Pits of Slime
106041 | Slime:5  | Gained mutation: You occasionally lose the ability to read
                  | scrolls when taking damage. [a shining eye]
106434 | Slime:5  | Noticed the Royal Jelly
106439 | Slime:5  | Killed the Royal Jelly
106468 | Slime:5  | Identified the ring "Haqyqapt" {rF+ Will+ Str-2 Int+5
                  | Stlth+}
106538 | Slime:5  | Got a slimy rune of Zot
106555 | Slime:5  | Identified the ring of Suesihid {rCorr MP+9 AC+4 Int-4}
106672 | Lair:4   | Lost mutation: You are weak. (Str -2) [potion of mutation]
106672 | Lair:4   | Lost mutation: You sometimes lose your temper in combat.
                  | [potion of mutation]
106672 | Lair:4   | Lost mutation: You occasionally lose the ability to read
                  | scrolls when taking damage. [potion of mutation]
106672 | Lair:4   | Gained mutation: You are vulnerable to heat. (rF-) [potion
                  | of mutation]
106858 | D:7      | Bought a potion of haste for 140 gold pieces
106858 | D:7      | Bought a potion of mutation for 112 gold pieces
106858 | D:7      | Lost mutation: Your spells are a little harder to cast, but
                  | a little more powerful. [potion of mutation]
106858 | D:7      | Lost mutation: You are clumsy. (Dex -2) [potion of
                  | mutation]
106858 | D:7      | Gained mutation: Your body sometimes deteriorates upon
                  | taking damage. [potion of mutation]
107193 | Zot:1    | Entered Level 1 of the Realm of Zot
107974 | Zot:1    | Gained mutation: You are dopey. (Int -2) [mutagenic glow]
108004 | Zot:1    | Noticed an orb of fire
108006 | Zot:1    | Gained mutation: You are occasionally teleported next to
                  | monsters. [an orb of fire]
108010 | Zot:1    | Killed an orb of fire
108011 | Zot:1    | Reached XP level 26. HP: 73/255 MP: 15/42
108918 | Zot:1    | Got the Dissertation on Assembled Bombardment
109077 | Zot:1    | Noticed an orb of fire
109083 | Zot:1    | Found a transporter.
109083 | Zot:1    | Noticed Wizard1ke's ghost (veteran GnHu)
109152 | Zot:1    | Found a transporter.
110717 | Zot:2    | Gained mutation: You are agile. (Dex +4, Str/Int -1)
                  | [hidden potential]
112051 | Zig:1    | Entered Level 1 of a ziggurat
112073 | Zig:2    | Entered Level 2 of a ziggurat
112095 | Zig:3    | Entered Level 3 of a ziggurat
112137 | Zig:3    | Identified the +5 flail "Qukayz" {heavy, rPois Will+ Int-3}
112145 | Zig:4    | Entered Level 4 of a ziggurat
112237 | Zig:4    | Lost mutation: You are dopey. (Int -2) [potion of mutation]
112237 | Zig:4    | Lost mutation: You have hidden genetic potential. [potion
                  | of mutation]
112237 | Zig:4    | Gained mutation: Your magical capacity is low. (-10% MP)
                  | [potion of mutation]
112237 | Zig:4    | Gained mutation: You expend magic power (3 MP) to
                  | strengthen your wands. [potion of mutation]
112364 | Zig:5    | Entered Level 5 of a ziggurat
112367 | Zig:5    | Noticed Ynastot the pandemonium lord
112374 | Zig:5    | Killed Ynastot the pandemonium lord
112384 | Zig:5    | Identified the staff of cold "Uvuihey" {rF+ rC+ Will+ Str+2
                  | Int-2}
112393 | Zig:5    | Identified the +6 dagger "Naemnon" {flame, Int+4 Dex+3 SInv
                  | Stlth+}
112430 | Zig:6    | Entered Level 6 of a ziggurat
112466 | Zig:6    | Identified the +0 shortbow of the Eternal Warrior {freeze,
                  | rC- rN+ Str+2 SInv}
112470 | Zig:7    | Entered Level 7 of a ziggurat
112474 | Zig:7    | Noticed an ancient lich
112476 | Zig:7    | Killed an ancient lich
112541 | Zig:8    | Entered Level 8 of a ziggurat
112569 | Zig:8    | Identified the ring of Cotsath {rPois rN+ rCorr}
112723 | Zig:9    | Entered Level 9 of a ziggurat
112911 | Zig:9    | Lost mutation: Your body sometimes deteriorates upon taking
                  | damage. [potion of mutation]
112911 | Zig:9    | Lost mutation: Your magical capacity is low. (-10% MP)
                  | [potion of mutation]
112911 | Zig:9    | Lost mutation: You expend magic power (3 MP) to strengthen
                  | your wands. [potion of mutation]
112911 | Zig:9    | Gained mutation: Your magical capacity is low. (-10% MP)
                  | [potion of mutation]
112911 | Zig:9    | Gained mutation: Your spells are a little easier to cast,
                  | but a little less powerful. [potion of mutation]
112912 | Zig:9    | Lost mutation: You are agile. (Dex +4, Str/Int -1) [potion
                  | of mutation]
112912 | Zig:9    | Lost mutation: Your magical capacity is low. (-10% MP)
                  | [potion of mutation]
112912 | Zig:9    | Lost mutation: Your spells are a little easier to cast, but
                  | a little less powerful. [potion of mutation]
112912 | Zig:9    | Gained mutation: You are frail. (-10% HP) [potion of
                  | mutation]
112912 | Zig:9    | Gained mutation: You have an increased reservoir of magic.
                  | (+10% MP) [potion of mutation]
112913 | Zig:9    | Lost mutation: You are frail. (-10% HP) [potion of
                  | mutation]
112913 | Zig:9    | Lost mutation: You are vulnerable to heat. (rF-) [potion of
                  | mutation]
112913 | Zig:9    | Gained mutation: You sometimes lose your temper in combat.
                  | [potion of mutation]
112913 | Zig:9    | Gained mutation: You have sharp fingernails. [potion of
                  | mutation]
112913 | Zig:9    | Gained mutation: You are partially covered in iridescent
                  | scales. (AC +2) [potion of mutation]
113058 | Zig:10   | Entered Level 10 of a ziggurat
113066 | Zig:10   | Paralysed by an air elemental for 1 turns
113074 | Zig:10   | Found the ring of the Octopus King
113083 | Zig:10   | Identified a ring of the Octopus King {Wiz HP+2 AC+2 EV+2
                  | SH+2}
113093 | Zig:10   | Identified the ring "Jaoh Sowk" {rC+ Str+3 Int+2 Dex+2}
113130 | Zig:11   | Entered Level 11 of a ziggurat
113142 | Zig:11   | Reached XP level 27. HP: 220/291 MP: 13/46
113262 | Zig:11   | Found the +8 mithril axe "Arga" {speed, Will+}
113280 | Zig:11   | Got Rethraxa's Quarto of the Ill-fated Gargoyle
113285 | Zig:11   | Got the Elucidation of Changes and Production
113297 | Zig:12   | Entered Level 12 of a ziggurat
113304 | Zig:12   | Noticed Jeedat the pandemonium lord
113307 | Zig:12   | Killed Jeedat the pandemonium lord
113333 | Zig:12   | Got the Compilation of Generative Direction
113336 | Zig:12   | Identified the staff of fire "Fiutz" {rElec rF+ Int-3 Dex+3
                  | SInv}
113366 | Zig:13   | Entered Level 13 of a ziggurat
113401 | Zig:13   | Got Oshu's Tractate on Shifting Misery
113407 | Zig:13   | Identified the staff of earth "Unludd" {rElec Str+3 Int-4}
113426 | Zig:13   | Lost mutation: You are partially covered in iridescent
                  | scales. (AC +2) [potion of mutation]
113426 | Zig:13   | Lost mutation: You sometimes lose your temper in combat.
                  | [potion of mutation]
113426 | Zig:13   | Gained mutation: You are resistant to electric shocks.
                  | (rElec) [potion of mutation]
113426 | Zig:13   | Lost mutation: You are occasionally teleported next to
                  | monsters. [potion of mutation]
113426 | Zig:13   | Gained mutation: You have hidden genetic potential. [potion
                  | of mutation]
114333 | D:8      | Bought a scroll of fog for 52 gold pieces
114333 | D:8      | Bought a scroll of butterflies for 52 gold pieces
115733 | Zot:4    | Identified the ring of Fiungyib {Ice Dex+6}
115733 | Zot:4    | Noticed Josephina
115734 | Zot:4    | Killed Josephina
116541 | Zot:4    | Noticed an ancient lich
116543 | Zot:4    | Killed an ancient lich
116709 | Zot:5    | Entered Level 5 of the Realm of Zot
117047 | Zot:5    | Identified the +7 flail of Accidental Termination {freeze,
                  | Str+4}
117157 | Zot:5    | Found a transporter.
117190 | Zot:5    | Found a transporter.
117224 | Zot:5    | Found a transporter.
117242 | Zot:5    | Found a transporter.
117338 | Zot:5    | Noticed an ancient lich
117340 | Zot:5    | Killed an ancient lich
117452 | Zot:5    | Noticed a dread lich
117457 | Zot:5    | Killed a dread lich
117710 | Zot:5    | Noticed an orb of fire
117719 | Zot:5    | Noticed an ancient lich
117721 | Zot:5    | Killed an ancient lich
117780 | Zot:5    | Noticed an ancient lich
117781 | Zot:5    | Gained mutation: You sometimes lose your temper in combat.
                  | [an orb of fire]
117784 | Zot:5    | Killed an ancient lich
117785 | Zot:5    | Killed an orb of fire
117884 | Zot:5    | Noticed a dread lich
117887 | Zot:5    | Killed a dread lich
118005 | Zot:5    | Noticed a dread lich
118006 | Zot:5    | Noticed a dread lich
118008 | Zot:5    | Killed a dread lich
118008 | Zot:5    | Killed a dread lich
118049 | Zot:5    | Noticed a dread lich
118049 | Zot:5    | Noticed an orb of fire
118050 | Zot:5    | Noticed an orb of fire
118055 | Zot:5    | Killed a dread lich
118056 | Zot:5    | Killed an orb of fire
118056 | Zot:5    | Killed an orb of fire
118361 | Zot:5    | Noticed an orb of fire
118366 | Zot:5    | Killed an orb of fire
118701 | Zot:5    | Noticed an ancient lich
118704 | Zot:5    | Killed an ancient lich
118812 | Zot:5    | Noticed a dread lich
118815 | Zot:5    | Killed a dread lich
118938 | Zot:5    | Noticed a dread lich
118942 | Zot:5    | Killed a dread lich
119116 | Hell     | Entered the Vestibule of Hell
119116 | Hell     | Noticed Geryon
119121 | Hell     | Killed Geryon
119866 | Hell     | Found a gateway to the Iron City of Dis.
120035 | Hell     | Found a gateway to the freezing wastes of Cocytus.
120147 | Hell     | Found a gateway to the decaying netherworld of Tartarus.
120240 | Hell     | Found a gateway to the ashen valley of Gehenna.
120636 | Vaults:5 | Noticed a dread lich
120639 | Vaults:5 | Killed a dread lich
120693 | Vaults:5 | Gained mutation: You expend magic power (3 MP) to
                  | strengthen your wands. [hidden potential]
120809 | Vaults:5 | Identified the ring "Unlupoib" {rPois AC+4}
120907 | Vaults:5 | Noticed an ancient lich
120913 | Vaults:5 | Killed an ancient lich
121389 | Vaults:5 | Identified the +3 ring mail of Cytzi {Int-5 Dex+5 Stlth+}
121553 | Vaults:5 | Identified the +9 quarterstaff of Roergh {freeze, rElec rF-
                  | Str+7 Int-5}
122069 | Vaults:5 | Found Defaz's Weapon Shoppe.
122306 | Vaults:5 | Identified the ring of the Mauling Gods {rF+ rN+ SInv}
122313 | Vaults:5 | Got a silver rune of Zot
123117 | Zot:5    | Got the Orb of Zot
123258 | Zot:1    | Noticed a seraph
123440 | D:15     | Noticed Bosuof the pandemonium lord
123440 | D:15     | Noticed an ancient lich
123716 | D:2      | Noticed Biressa the pandemonium lord
123719 | D:2      | Killed Biressa the pandemonium lord
123746 | D:$      | Escaped with the Orb!

Illustrated notes

Levels and vault maps discovered:
D:1:      dpeg_arrival_tiny_d, layout_basic, serial_glass, glass_columns_c,
          glass_columns_b, glass_columns_b, corexii_corridor_pit
D:2:      layout_basic, kennysheep_generic_room_2, uniq_crazy_yiuf_cottage
D:3:      layout_loops_ring, gammafunk_temple_overflow_claw, solitary_fountain
D:4:      layout_loops_ring, minmay_temple_entry_large_hall, moated_statue,
          small_statue_intersection, minmay_quantized
D:5:      layout_gridville, amcnicky_altar_gilded
D:6:      layout_gridville, nemelex_spade_bored_becter, uniq_grinder,
          uniq_menkaure
D:7:      layout_gridville, lemuel_mausoleum_altar_yredelemnul, serial_shops,
          shop, shop_statue, shop, shop
D:8:      layout_loops_ring, serial_shops, nicolae_shop_real_fake_doors,
          minivault_21, uniq_grum
D:9:      layout_rooms, led_sif_pool, nicolae_hepliaklqana_monster_ancestors
D:10:     layout_basic, serial_shops, nicolae_shop_overgrown_old_shop,
          serial_demonic, serial_demonic_b, serial_demonic_a, serial_demonic_a,
          serial_demonic_f, serial_demonic_b, serial_demonic_f,
          serial_demonic_a, serial_demonic_c
D:11:     layout_long_grid, lair_entry_dummy, nzn_ghost_randoct,
          minmay_misc_feat_ornament, kennysheep_island_fort
D:12:     layout_cave_pools, erik_orc_2, small_chamber_with_monster,
          nicolae_shop_fire_sale [nicolae_sub_dead_trees], uniq_jorgrun
D:13:     layout_roguey [special_room_orc]
D:14:     layout_big_octagon, chequers_serial_rivers_large_a, serial_glass,
          glass_columns_c, glass_columns_a, minmay_strange_pillars,
          item_on_display_a, item_on_display_a, feat_on_display, uniq_louise
D:15:     grunt_enter_depths_magical_seal, layout_rooms, chequers_avenue,
          hangedman_decor_growths, dreamdust_wishing_well, uniq_rupert
Lair:1:   layout_cave_pods, gammafunk_ghost_necromancy,
          chequers_serial_rivers_large_b, infiniplex_staircase_pool_2,
          uniq_amaemon
Lair:2:   layout_loops_ring, hellmonk_spider_entry_not_the_bees,
          nicolae_quartered_pool_little, grunt_megastairs_5, lemuel_fruit_tree
Lair:3:   layout_loops_ring, skrybe_swamp_entry_bodies, gammafunk_ghost_cemetery
Lair:4:   layout_small_grid, slime_entry_1
Lair:5:   grunt_lair_end_beastmaster, layout_cellular_growth,
          serial_bayou_lake_a, uniq_urug
Swamp:1:  layout_basic_swamp, serial_swamp_ruin, evilmike_swamp_ruin_house_5,
          evilmike_swamp_ruin_wall, swamp_pool3
Swamp:2:  layout_basic_swamp, evilmike_swamp_ruin_house_6, uniq_roxanne
Swamp:3:  cheibrodos_swamp_tower_of_moss, layout_basic_swamp, ebering_ghost_xom,
          nicolae_swamp_stair_fork, swamp_pool4, infiniplex_staircase_pool
Swamp:4:  swamp_basic_johnstein, layout_basic_swamp
Spider:1: layout_spider_delve, uniq_nikola
Spider:2: layout_spider_delve, uniq_arachne
Spider:3: layout_spider_delve, uniq_mlioglotl, uniq_kirke
Spider:4: hellmonk_spider_rune_bug_friends
Slime:1:  layout_caves
Slime:2:  layout_caves, cheibrodos_slime_lost_civilization_7
Slime:3:  layout_caves
Slime:4:  layout_caves
Slime:5
Orc:1:    nicolae_orc_accident_1, layout_diamond_mine, minmay_shop_mayhem
Orc:2:    st_orc_rangers, layout_caves, uniq_saint_roka, uniq_erolcha
Elf:1:    minmay_elf_arrival_plus, layout_geoelf_grid,
          portal_ice_cave_entry_pillars_1, hangedman_elf_disciples
Elf:2:    nicolae_elf_blades_crystal_corner, layout_gridlike, basic_altar,
          serial_shops, shop
Elf:3:    minmay_elf_hall_golems, layout_onion_city
Vaults:1: nicolae_vaults_storage_room_statues, v_misc_3,
          nicolae_vaults_storage_room_glass, v_misc_18, vaults_dpeg_hooks,
          nicolae_vaults_mini_display_case, nicolae_vaults_alarming,
          nicolae_vaults_heart-shaped_vault, layout_vaults_omnigrid,
          uniq_asterion, uniq_aizul
Vaults:2: gammafunk_ghost_abyssal_escape, nicolae_vaults_storage_closets_1,
          v_misc_17, ontoclasm_vaults_shuriken,
          nicolae_vaults_windows_and_doors_thing,
          nicolae_vaults_offset_grid_hallway_1, vaults_dpeg_spiral,
          nicolae_vaults_thirteen_compartments,
          nicolae_vaults_closet_pinwheel_5, nicolae_vaults_sealed_display,
          nicolae_vaults_trapezoid_1, v_misc_3, layout_vaults_big_cross,
          serial_shops, bzr_entry_dummy
Vaults:3: portal_desolation_entry_ruin, nicolae_vaults_security_offices_4,
          v_misc_33, vaults_standard_mumra_x, hangedman_vaults_stream,
          minmay_crypt_entry_simple_statues, vaults_mumra_chevron,
          ontoclasm_vaults_pinch, nicolae_vaults_prndl,
          nicolae_vaults_storage_closets_3, ontoclasm_vaults_chip,
          layout_vaults_chaotic_city, serial_shops, nicolae_diamond_shop
Vaults:4: ontoclasm_vaults_loading_screen, v_pattern_1,
          nicolae_vaults_offset_grid_hallway_1, grunt_vaults_funnel,
          ontoclasm_vaults_ligature, hangedman_vaults_maws,
          nicolae_vaults_cornered_office, nicolae_vaults_offset_grid_hallway_2,
          nicolae_vaults_network_star, nicolae_vaults_ellipses_ellipsis,
          v_alt_pattern_1, dpeg_vaults_pockets_of_resistance,
          ontoclasm_vaults_twist, ontoclasm_vaults_decontamination,
          layout_vaults_maze_snakey, serial_shops, shop
Vaults:5
Crypt:1:  layout_chaotic_city, grunt_ministairs_4, grunt_megastairs_3,
          uniq_frederick
Crypt:2:  layout_gridlike
Crypt:3:  lightli_unholy_cathedral, layout_chaotic_city,
          nicolae_tomb_entry_unfolded_pyramid_orthogonal, fountainhead,
          library_closet, hangedman_weighted_door, minmay_misc_feat_hallway
Depths:1: layout_gridlike, hell_entry, ebering_ghost_inner_flame,
          serial_sigils_hangedman_quiver, water_boxes_lemuel,
          roderic_lattice_octagonal_star
Depths:2: lemuel_minitomb, layout_basic, pan_entry,
          nicolae_tso_swordbearing_angel, hell_entry, lemuel_angel_altar
Depths:3: minmay_two_paths, layout_gridlike, enter_ziggurat_c, grunt_metal_band,
          grunt_decor_mini_mirrors, abyss_entry, hangedman_corner_corridor,
          infiniplex_staircase_x
Depths:4: lemuel_castle_with_subvaults [lemuel_castle_interior_carwin_2],
          layout_twisted_cross, serial_rivers, chequers_serial_rivers_small_3,
          chequers_serial_rivers_micro_e, chequers_serial_rivers_room_a,
          chequers_serial_rivers_micro_c, chequers_serial_rivers_room_a,
          serial_sigils_hangedman_scar, hangedman_coc_ice_floe,
          cheibriados_altar_1
Hell
Zot:1:    kennysheep_room_grid, layout_cathedral_of_symmetry,
          gammafunk_ghost_arena
Zot:2:    layout_misc_corridors, st_small_dragon_hoard_3, grunt_ministairs_1
Zot:3:    layout_misc_corridors, gammafunk_ghost_tricky_traps,
          serial_nicolae_subway, nicolae_sub_station_metal,
          nicolae_sub_station_stone, nicolae_sub_station_crystal,
          lemuel_elevator
Zot:4:    layout_basic, lemuel_lich_library, uniq_josephina
Zot:5:    layout_twisted_circle, nicolae_transporter_intersection

Skill      XL: |  1  2  3  4  5  6  7  8  9 10 11 12 13 14 15 16 17 18 19 20 21 22 23 24 25 26 27 |
---------------+----------------------------------------------------------------------------------+-----
Earth Magic    | 3 4 5 6 8 |  8.0
Conjurations   | 1 2 3 4 5 7 9 12 15 16 18 19 20 21 23 25 26 | 26.0
Spellcasting   | 3 4 5 6 7 8 11 12 13 15 | 15.0
Transmutations | 4 6 |  6.0
Shields        | 4 5 7 10 11 | 11.0
Fighting       | 1 10 15 16 18 20 | 20.0
Invocations    | 1 9 15 26 | 26.3
Evocations     | 1 5 |  5.0
Fire Magic     | 8 14 18 21 25 26 | 26.0
Dodging        | |  1.7
Stealth        | |  1.4

Action                     |  1- 3 |  4- 6 |  7- 9 | 10-12 | 13-15 | 16-18 | 19-21 | 22-24 | 25-27 || total
---------------------------+-------+-------+-------+-------+-------+-------+-------+-------+-------++-------
  Melee: Spear             |     6 |     3 |       |       |       |       |       |       |       ||     9
         Whip              |       |       |    19 |    21 |       |       |       |       |       ||    40
         Demon whip        |       |       |       |    15 |    82 |     6 |       |       |       ||   103
         Staff             |       |       |       |       |       |    45 |    83 |    28 |    10 ||   166
         Kick              |       |       |       |       |       |    12 |    11 |       |       ||    23
  Throw: Dart              |       |     1 |       |     2 |     2 |       |       |       |       ||     5
   Cast: Sandblast         |    58 |    47 |       |       |       |       |       |       |       ||   105
         Stone Arrow       |     1 |    27 |   133 |   303 |   219 |    32 |       |     1 |       ||   716
         Irradiate         |       |       |       |     1 |    35 |   137 |   134 |   129 |    69 ||   505
         Orb of Destructio |       |       |       |       |   263 |   354 |   470 |   700 |    84 ||  1871
         Passwall          |       |       |       |       |       |       |     2 |       |       ||     2
         Lee's Rapid Decon |       |       |       |       |       |       |       |     5 |       ||     5
         Fire Storm        |       |       |       |       |       |       |       |       |   536 ||   536
 Invoke: Elemental Force   |       |       |       |       |     3 |     2 |       |       |       ||     5
         Disaster Area     |       |       |       |       |     1 |     6 |       |       |    13 ||    20
         Upheaval          |       |       |       |       |       |     1 |       |       |       ||     1
  Evoke: Wand              |       |     2 |    15 |     6 |    10 |    17 |    15 |     4 |    16 ||    85
         Phial of floods   |       |       |       |       |     1 |     2 |       |     1 |       ||     4
         Lightning rod     |       |       |       |       |       |       |       |     8 |       ||     8
    Use: Scroll            |     6 |     2 |     5 |     8 |    12 |     9 |     9 |    14 |     7 ||    72
         Potion            |       |       |     2 |       |       |     5 |     7 |     8 |    32 ||    54
 Armour: Robe              |    10 |    13 |    21 |       |    10 |   101 |    57 |    51 |    43 ||   306
         Troll leather arm |       |       |       |    61 |    38 |       |       |       |       ||    99
         Skin              |       |       |       |       |       |       |     3 |       |       ||     3
  Dodge: Dodged            |    16 |    23 |    41 |    53 |    64 |   116 |    62 |    51 |    57 ||   483
         Repelled          |       |       |       |       |       |     5 |     5 |     2 |     7 ||    19
  Block: Other             |       |     1 |     6 |       |       |       |       |       |       ||     7
         Kite shield       |       |       |       |   178 |   359 |   486 |   511 |   279 |   258 ||  2071
         Reflection        |       |       |       |       |   109 |    30 |   129 |    14 |    17 ||   299
